AoeStats
← 公鸡神探

Arena

509886625Analyzed
4v4 RM · 4d ago on Sep 28, 2026· 52m 59s· 8 players
Game mode
Random Map
Map size
Large (8 player)
Population
200
Speed
Normal
Resources
Standard
Victory
Conquest
Starting age
Dark Age
Ending age
Imperial Age
RankedLock teamsTeams togetherTeam positionsShared explorationLock speedFull tech treeHidden civsTurbo modeCheats
Victory
Defeat
🇨🇳 Franks · China
1209
+11
🇹🇼 Teutons · Taiwan
1184
+12
🇹🇼 Spanish · Taiwan
1070
+17
🇹🇼 Persians · Taiwan
1052
+19
🇨🇳 Sicilians · China
1144
-17
🇨🇳 Bengalis · China
1127
-16
🇹🇼 Danes · Taiwan
1080
-14
🇨🇳 Varangians · China
1021
-12
公鸡神探
10:55 Feudal Age
14:33 Castle Age
12:37 Horse Collar
12:44 Double-Bit Axe
15:38 Bow Saw
15:29 Heavy Plow
23:12 Wheelbarrow
27:10 Imperial Age
25:48 Gold Mining
25:49 Stone Mining
26:17 Hand Cart
25:48 Town Watch
25:49 Loom
27:23 Gold Shaft Mining
27:13 Fletching
27:24 Padded Archer Armor
27:48 Ballistics
27:13 Elite Ratha (Ranged)
28:14 Conscription
28:30 Bodkin Arrow
28:51 Leather Archer Armor
29:38 Chemistry
29:03 Bloodlines
28:54 Husbandry
29:29 Bracer
30:24 Paiks
31:49 Ring Archer Armor
32:08 Siege Engineers
37:20 Mahayana
37:32 Pikeman
40:46 Halberdier
41:31 Scale Mail Armor
41:41 Forging
47:42 Chain Mail Armor
48:03 Iron Casting
小佑
8:26 Feudal Age
8:54 Double-Bit Axe
11:51 Horse Collar
17:52 Castle Age
16:36 Stone Mining
18:00 Gold Mining
20:41 Arson
21:15 Loom
22:44 Squires
22:30 Gambesons
22:47 Scale Mail Armor
26:47 Wheelbarrow
29:50 Masonry
32:39 Hand Cart
34:47 Forging
34:53 Chain Mail Armor
35:39 Heavy Plow
35:52 Bow Saw
36:48 Hamask
38:36 Town Watch
41:38 Imperial Age
42:29 Iron Casting
41:38 Elite Varangian Guard
43:04 Conscription
43:29 Plate Mail Armor
46:47 Blast Furnace
51:36 Caravan
无甲的joe
6:02 Loom
8:48 Feudal Age
15:04 Fletching
24:10 Castle Age
22:34 Horse Collar
22:41 Double-Bit Axe
27:04 Heavy Plow
29:28 Bow Saw
30:52 Wheelbarrow
32:27 First Crusade
36:19 Imperial Age
34:05 Hand Cart
33:35 Town Watch
34:43 Scale Mail Armor
34:54 Forging
36:03 Chain Mail Armor
36:22 Gold Mining
36:25 Stone Mining
36:43 Heavy Scorpion
37:41 Town Patrol
37:59 Squires
37:45 Arson
38:35 Crop Rotation
38:38 Plate Mail Armor
38:43 Iron Casting
39:04 Conscription
38:38 Elite Serjeant
47:44 Pikeman
48:43 Halberdier
叶的第八章
11:55 Feudal Age
15:30 Castle Age
13:55 Double-Bit Axe
14:35 Horse Collar
22:28 Wheelbarrow
23:06 Bow Saw
23:03 Heavy Plow
24:28 Hand Cart
26:18 Gold Mining
26:20 Stone Mining
29:02 Stone Shaft Mining
31:56 Imperial Age
29:47 Forging
29:38 Scale Mail Armor
29:49 Squires
29:35 Arson
29:35 Gambesons
31:36 Pikeman
33:11 Coinage
32:51 Guilds
32:42 Caravan
33:20 Halberdier
33:50 Elite Varangian Guard
35:33 Conscription
34:35 Gothikon
35:56 Banking
35:47 Chain Mail Armor
36:08 Iron Casting
37:08 Crop Rotation
39:06 Capped Ram
47:42 Two-Man Saw
TingA
10:39 Feudal Age
15:48 Castle Age
13:57 Double-Bit Axe
14:32 Horse Collar
21:41 Bow Saw
22:59 Town Watch
24:37 Wheelbarrow
25:48 Heavy Plow
26:52 Hand Cart
28:00 Gold Mining
31:10 Imperial Age
28:48 Town Patrol
30:00 Bloodlines
29:51 Husbandry
30:10 Stone Mining
30:57 Gold Shaft Mining
30:51 Scale Barding Armor
30:58 Forging
30:38 Fletching
30:52 Cavalier
32:21 Savar
32:41 Savar
33:04 Pikeman
34:31 Halberdier
36:06 Stone Shaft Mining
36:36 Chain Barding Armor
36:52 Iron Casting
36:13 Bodkin Arrow
37:25 Crop Rotation
37:58 Two-Man Saw
37:33 Ballistics
37:47 Loom
39:25 Conscription
39:43 Hoardings
39:09 Kamandaran
39:20 Arson
39:21 Gambesons
39:37 Squires
40:57 Chemistry
41:35 Plate Barding Armor
42:05 Blast Furnace
43:50 Elite War Elephant
bluemountain
7:54 Loom
10:33 Feudal Age
12:22 Fletching
13:23 Horse Collar
24:02 Castle Age
22:01 Double-Bit Axe
24:22 Scale Mail Armor
25:40 Wheelbarrow
25:18 Bow Saw
25:33 Heavy Plow
25:35 Bodkin Arrow
25:46 Squires
26:06 Town Watch
31:08 Arson
33:55 Imperial Age
32:58 Hand Cart
33:39 Ballistics
33:34 Forging
33:39 Chain Mail Armor
35:58 Chemistry
35:24 Conscription
35:53 Plate Mail Armor
35:51 Padded Archer Armor
36:18 Crenellations
38:24 Two-Man Saw
37:49 Masonry
37:56 Leather Archer Armor
40:16 Ring Archer Armor
41:18 Iron Casting
40:30 Gambesons
41:42 Siege Engineers
41:59 Ironclad
41:59 Elite Teutonic Knight
43:53 Gold Mining
43:53 Stone Mining
46:03 Blast Furnace
44:26 Elite Skirmisher
48:24 Hoardings
48:53 Town Patrol
48:25 Sappers
50:03 Guard Tower
52:24 Crop Rotation
52:09 Scale Barding Armor
52:44 Stone Shaft Mining
中国足球
11:03 Feudal Age
11:37 Double-Bit Axe
15:06 Castle Age
16:08 Wheelbarrow
16:09 Bow Saw
19:06 Loom
23:25 Hand Cart
23:23 Stone Mining
24:02 Town Watch
24:25 Gold Mining
26:19 Gold Shaft Mining
26:32 Scale Barding Armor
29:46 Imperial Age
28:44 Chain Barding Armor
28:34 Forging
28:31 Husbandry
30:01 Cavalier
31:17 Plate Barding Armor
31:20 Chivalry
31:57 Iron Casting
32:19 Conscription
31:24 Paladin
34:26 Blast Furnace
36:55 Scale Mail Armor
36:46 Fletching
39:23 Bodkin Arrow
39:43 Chain Mail Armor
41:42 Elite Throwing Axeman
45:01 Hoardings
44:58 Plate Mail Armor
45:33 Squires
45:18 Arson
53:38 Coinage
小小吸管
11:15 Feudal Age
15:41 Castle Age
13:46 Double-Bit Axe
14:48 Loom
15:53 Horse Collar
20:19 Bow Saw
24:01 Scale Barding Armor
24:02 Padded Archer Armor
25:50 Fletching
28:27 Heavy Plow
34:51 Imperial Age
34:36 Gold Mining
38:13 Fortified Wall
38:15 Masonry
39:42 Heavy Mounted Crossbowman
43:07 Two-Man Saw
42:57 Leather Archer Armor
43:49 Thumb Ring
44:03 Bodkin Arrow
45:55 Bracer
Connection lost

Rejoining the realm…

Still unreachable

The connection could not be restored.

Session expired

The server has moved on; the page needs a fresh start.